 Dungeon Crawl Stone Soup version 0.32-a0-616-g9348d4545b (webtiles) character file.

Game seed: 15280018834223451272

5 hikkokomori the Charlatan (level 1, -1/15 HPs)
             Began as a Coglin Artificer on Mar 5, 2024.
             Slain by a hobgoblin (3 damage)
             ... on level 1 of the Dungeon.
             The game lasted 00:00:42 (70 turns).

hikkokomori the Charlatan (Coglin Artificer)          Turns: 70, Time: 00:00:42

Health: -1/15      AC:  3    Str: 12    XL:     1   Next: 80%
Magic:  1/1        EV: 11    Int: 10    God:
Gold:   0          SH:  0    Dex: 14    Spells: 0/0 levels left

rFire   . . .        a - +0 club {Ahmose}
rCold   . . .        f - +0 dagger {Ulrike}
rNeg    . . .        b - +0 leather armour
rPois   .            (no helmet)
rElec   .            (no cloak)
rCorr   .            (no gloves)
SInv    .            (no boots)
Will    .....        (amulet unavailable)
Stlth   +            (ring unavailable)
HPRegen 0.22/turn    (ring unavailable)
MPRegen 0.07/turn    (no gizmo)

%: no passive effects
@: revved
A: off-hand wielding, slow wielding, warmup strikes, no jewellery
a: Invent Gizmo


You were on level 1 of the Dungeon.
You visited 1 branch of the dungeon, and saw 1 of its levels.

Inventory:

Hand Weapons
 a - a +0 club (weapon) {Ahmose}
 f - a +0 dagger (offhand) {Ulrike}
Armour
 b - a +0 leather armour (worn)
Wands
 c - a wand of flame (15) (quivered)
 d - a wand of charming (15)
 e - a wand of iceblast (5)


   Skills:
 + Level 1.1 Fighting
 + Level 1.9 Armour
 - Level 1.0 Dodging
 + Level 1.0 Stealth
 + Level 4.1 Evocations


You couldn't memorise any spells.
You didn't know any spells.
Your spell library was empty.

Dungeon Overview and Level Annotations

Branches:
Dungeon (1/15)

Altars:


Innate Abilities, Weirdness & Mutations

You can wield a second weapon in your off-hand.
It takes a long time for you to wield or remove held weapons.
Your first few attacks do less damage.
You cannot equip rings or amulets.


Message History

You closely miss the quokka with your +0 dagger.
The quokka closely misses you.
The quokka bites you but does no damage.
You hit the quokka with your +0 club.
The quokka is almost dead.
You hit the quokka with your +0 dagger.
You kill the quokka!
You barely miss the hobgoblin with your +0 club.
You closely miss the hobgoblin with your +0 dagger.
A bat comes into view.
The hobgoblin hits you.
You barely miss the hobgoblin with your +0 dagger.
You barely miss the hobgoblin with your +0 club.
The ball python bites you. The ball python grabs you.
The ball python constricts you. The hobgoblin hits you.
The ball python bites you. The ball python constricts you.
You hit the hobgoblin with your +0 club.
The hobgoblin is almost dead.
You hit the hobgoblin but do no damage.
The hobgoblin hits you but does no damage.
The bat hits you but does no damage. The ball python bites you.
* * * LOW HITPOINT WARNING * * *
The ball python constricts you.
* * * LOW HITPOINT WARNING * * *
You escape the ball python's grasp.
The bat misses you.
You hit the ball python with your +0 club.
The ball python is severely wounded.
You hit the ball python with your +0 dagger.
You kill the ball python!
The bat hits you.
* * * LOW HITPOINT WARNING * * *
Your Stealth skill increases to level 1!
You hit the bat but do no damage.
You closely miss the bat with your +0 dagger.
The bat closely misses you. x2
You closely miss the hobgoblin with your +0 dagger.
The hobgoblin is almost dead.
You closely miss the hobgoblin with your +0 club.
The bat barely misses you. x2; The hobgoblin hits you.
You die...

#######......#
#.....#......#
#.....#......#
#.....#......####.#
#.................#
#..†.........####.#.
#.....#.............
#####.....#......####.#.
................@g.##.#
####..########.##.....#
........## #.##b##.....
..#####..## #..†....####
.#.....#..# #.......#
#.......#..# #.........
....<....#..#....%...###
#[......#..........[.#
.#.....#...#...[...)..


You could see a hobgoblin and a bat.

Vanquished Creatures
  A giant cockroach (D:1)
  A hobgoblin (D:1)
  A quokka (D:1)
  A ball python (D:1)
  A rat (D:1)
5 creatures vanquished.

Notes
Turn   | Place    | Note
-------+----------+-------------------------------------------
     0 | D:1      | hikkokomori the Coglin Artificer began the quest for the
                  | Orb.
     0 | D:1      | Reached XP level 1. HP: 15/15 MP: 1/1
    25 | D:1      | Reached skill level 1 in Dodging
    69 | D:1      | Reached skill level 1 in Stealth
    70 | D:1      | Slain by a hobgoblin

Illustrated notes

Levels and vault maps discovered:
D:1:      scummos_arrival_hexagon, layout_rooms, minmay_misc_feat_doors,
          minmay_tiny_reverse_x

Skill      XL: |  1 |
---------------+----+-----
Dodging        | 1 |  1.0
Stealth        | 1 |  1.0
Fighting       | |  1.1
Armour         | |  1.9
Evocations     | |  4.1

Action                     || total
---------------------------++-------
  Melee: Club              ||    21
         Dagger            ||    21
 Armour: Leather armour    ||    25
  Dodge: Dodged            ||    14

Table legend: (Time is in decaauts)
 A = Elapsed time spent in this place.
 B = Non-inter-level travel time spent in this place.
 C = Inter-level travel time spent in this place.
 D = Time resting spent in this place.
 E = Time spent auto-exploring this place.
 F = Levels seen in this place.
 G = Mean time per level.
                   A        B        C        D        E       F      G
               +--------+--------+--------+--------+--------+-----+--------+
         Total |     73 |     73 |      0 |      0 |     33 |   1 |   73.0 |
       Dungeon |     73 |     73 |      0 |      0 |     33 |   1 |   73.0 |
               +--------+--------+--------+--------+--------+-----+--------+

Top non-repeatable levels by time:
     D:1: 73 daAuts
